 Dungeon Crawl Stone Soup version 0.28-a0-1518-gbe868bca14 (webtiles) character file.

Game seed: 10168359310880425213

302 knot the Chopper (level 6, -1/47 HPs)
             Began as a Demonspawn Berserker on Jan 17, 2022.
             Was a Follower of Trog.
             Slain by a hound (2 damage)
             ... on level 4 of the Dungeon.
             The game lasted 00:02:15 (3709 turns).

knot the Chopper (Demonspawn Berserker)             Turns: 3709, Time: 00:02:15

Health: -1/47      AC:  5    Str: 17    XL:     6   Next: 14%
Magic:  6/6        EV: 11    Int: 10    God:    Trog [*.....]
Gold:   93         SH:  0    Dex: 13    Spells: 5/5 levels left

rFire   . . .      SeeInvis .   a - +0 hand axe
rCold   + . .      Faith    .   (no shield)
rNeg    . . .      Spirit   .   p - +0 ring mail
rPois   .          Reflect  .   (no helmet)
rElec   .          Harm     .   (no cloak)
rCorr   .          Rampage  .   (no gloves)
Will    .....                   (no boots)
Stlth   +.........              (no amulet)
HPRegen 0.15/turn               b - ring of protection from cold
MPRegen 0.10/turn               (no ring)

@: on berserk cooldown, hasted and slowed
A: hooves 1, sturdy frame 1
a: Renounce Religion, Berserk


You were on level 4 of the Dungeon.
You worshipped Trog.
Trog was aware of your devotion.
You visited 1 branch of the dungeon, and saw 4 of its levels.

You collected 93 gold pieces.

Inventory:

Hand Weapons
 a - a +0 hand axe (weapon)
Missiles
 g - 36 arrows
 k - 49 stones (quivered)
 m - 3 poisoned darts
 t - 19 bolts
Armour
 p - a +0 ring mail (worn)
Jewellery
 b - a ring of protection from cold (left hand)
Wands
 u - a wand of mindburst (10)
Scrolls
 e - 2 scrolls of identify {unknown}
 h - a scroll of fear {unknown}
 j - a scroll of noise {unknown}
 l - 2 scrolls of torment {unknown}
 o - a scroll of enchant armour {unknown}
 r - a scroll of fog {unknown}
 s - 2 scrolls of immolation {unknown}
 v - a scroll of amnesia {unknown}
Potions
 c - a potion of heal wounds {unknown}
 d - a potion of ambrosia {unknown}
 f - a potion of flight {unknown}
 n - a potion of might {unknown}
 q - a potion of invisibility {unknown}


   Skills:
 - Level 3.0 Fighting
 + Level 6.3 Axes
 - Level 1.7 Armour
 - Level 1.7 Dodging


You had 5 spell levels left.
You didn't know any spells.
Your spell library was empty.

Dungeon Overview and Level Annotations

Branches:
Dungeon (4/15)
 Temple: D:4-7

Altars:


Innate Abilities, Weirdness & Mutations

You have large cloven feet.
Your movements are slightly less encumbered by armour. (ER -2)


Message History

A hound is nearby!
A hound is nearby!
You barely miss the hound. Your kick misses the hound.
The hound bites you but does no damage. The hound barely misses you.
You closely miss the hound. You kick the hound, but do no damage.
The hound bites you but does no damage. The hound barely misses you.
You miss the hound. The hound closely misses you.
The hound bites you but does no damage.
You barely miss the hound. Your kick misses the hound.
The hound bites you but does no damage. The hound closely misses you.
You closely miss the hound. Your kick misses the hound. The hound bites you. x3
You closely miss the hound. You kick the hound.
The hound is lightly wounded.
The hound barely misses you. The hound bites you.
You barely miss the hound.
The hound is lightly wounded.
The hound closely misses you. x2
You barely miss the hound. Your kick misses the hound.
The hound is lightly wounded.
The hound closely misses you. The hound bites you but does no damage.
The hound bites you.
* * * LOW HITPOINT WARNING * * *
You closely miss the hound.
The hound is lightly wounded.
The hound bites you but does no damage. The hound closely misses you.
You closely miss the hound.
The hound is lightly wounded.
The hound bites you.
* * * LOW HITPOINT WARNING * * *
The hound closely misses you.
You closely miss the hound. You kick the hound.
The hound is lightly wounded.
The hound bites you.
* * * LOW HITPOINT WARNING * * *
The hound closely misses you.
Okay, then.
You feel yourself speed up. The hound bites you.
* * * LOW HITPOINT WARNING * * *
The hound bites you.
You die...

#....$..:..#.##.###
..................#
..!...............#
............>.....#
..................#
.....#..##........##..
.... #.†)..†....h.....
.. #..##..#......#.#
..... ##@#...#......
...... #h#..##.#....
....... #..........##
.....#.# ##...##....#
.....#..###...####..#
..................
....##............
#......†.####.!.
##..#<...# ..


You could see a hound.

Vanquished Creatures
  A scorpion (D:4)
  A water moccasin skeleton (D:3)
  A howler monkey (D:4)
  Ijyb (D:3)
  Terence (D:3)
  5 adders
  A gnoll (D:1)
  A worm (D:3)
  4 dart slugs
  An orc (D:3)
  2 bats (D:1)
  3 endoplasms
  2 giant cockroaches (D:1)
  A hobgoblin (D:2)
  2 quokkas (D:1)
  5 ball pythons
  3 frilled lizards
  3 goblins
  5 kobolds
  8 rats
51 creatures vanquished.

Notes
Turn   | Place    | Note
-------+----------+-------------------------------------------
     0 | D:1      | knot the Demonspawn Berserker began the quest for the Orb.
     0 | D:1      | Reached XP level 1. HP: 18/18 MP: 1/1
    98 | D:1      | Reached skill level 3 in Axes
   190 | D:1      | Gained mutation: Your movements are slightly less
                  | encumbered by armour. (ER -2) [demonic ancestry]
   190 | D:1      | Reached XP level 2. HP: 6/24 MP: 2/2
   832 | D:1      | You fall into a shaft and drop 1 floor!
  1088 | D:2      | Reached XP level 3. HP: 28/29 MP: 3/3
  1226 | D:2      | Reached skill level 4 in Axes
  2675 | D:3      | Reached XP level 4. HP: 34/35 MP: 4/4
  2906 | D:3      | Noticed Terence
  2916 | D:3      | Reached skill level 5 in Axes
  2920 | D:3      | Killed Terence
  2921 | D:3      | Gained mutation: You have large cloven feet. [demonic
                  | ancestry]
  2921 | D:3      | Reached XP level 5. HP: 13/41 MP: 5/5
  3409 | D:3      | Noticed Ijyb
  3419 | D:3      | Killed Ijyb
  3682 | D:4      | Reached skill level 6 in Axes
  3692 | D:4      | Reached XP level 6. HP: 33/47 MP: 6/6
  3708 | D:4      | HP: 2/47 [hound (5)]
  3709 | D:4      | Slain by a hound

Illustrated notes

Levels and vault maps discovered:
D:1:      minmay_arrival_arboretum_small, layout_loops_corners,
          serial_bayou_pond_d
D:2:      layout_loops_ring
D:3:      layout_basic, uniq_terence, uniq_ijyb
D:4:      minmay_thick_lines, layout_rooms, gammafunk_ghost_necromancy,
          nicolae_shop_clearance

Skill      XL: |  1  2  3  4  5 |
---------------+----------------+-----
Axes           | 3 4 5 6 |  6.3
Fighting       | |  3.0
Armour         | |  1.7
Dodging        | |  1.7

Action                   |  1- 3 |  4- 6 || total
-------------------------+-------+-------++-------
Melee: Hand axe          |   118 |    81 ||   199
       Punch             |     2 |       ||     2
       Kick              |       |    12 ||    12
Invok: Berserk           |     4 |     3 ||     7
  Use: Potion            |       |     1 ||     1
 Stab: Sleeping          |     1 |       ||     1
Armor: Animal skin       |    16 |       ||    16
       Ring mail         |     4 |    19 ||    23
Dodge: Dodged            |    69 |    51 ||   120

Table legend: (Time is in decaauts)
 A = Elapsed time spent in this place.
 B = Non-inter-level travel time spent in this place.
 C = Inter-level travel time spent in this place.
 D = Time resting spent in this place.
 E = Time spent auto-exploring this place.
 F = Levels seen in this place.
 G = Mean time per level.
                   A        B        C        D        E       F      G
               +--------+--------+--------+--------+--------+-----+--------+
         Total |   3777 |   3634 |    143 |   1084 |   2117 |   4 |  944.2 |
       Dungeon |   3777 |   3634 |    143 |   1084 |   2117 |   4 |  944.2 |
               +--------+--------+--------+--------+--------+-----+--------+

Top non-repeatable levels by time:
     D:1: 1531 daAuts
     D:3: 1092 daAuts
     D:2: 1077 daAuts
     D:4: 76 daAuts
